 Dungeon Crawl Stone Soup version 0.25.1-2-g60ff931df9 (webtiles) character file.

Game seed: 9207087860642131226

104 Almogavar the Poker (level 4, -1/34 HPs)
             Began as a Merfolk Gladiator on Aug 29, 2020.
             Slain by an orc
             ... wielding a +0 trident
              (5 damage)
             ... on level 3 of the Dungeon.
             The game lasted 00:07:42 (2383 turns).

Almogavar the Poker (Merfolk Gladiator)             Turns: 2383, Time: 00:07:43

Health: -1/34      AC:  4    Str: 15    XL:     4   Next: 80%
Magic:  4/4        EV: 14    Int:  7    God:
Gold:   78         SH:  0    Dex: 15    Spells: 3/3 levels left

rFire    . . .     SeeInvis .   a - +0 trident
rCold    + . .     Gourm    .   (no shield)
rNeg     . . .     Faith    .   b - +0 leather armour
rPois    .         Spirit   .   c - +0 helmet
rElec    .         Reflect  .   (no cloak)
rCorr    .         Harm     .   (no gloves)
MR       .....                  (no boots)
Stlth    ..........             g - amulet of the acrobat
HPRegen  0.11/turn              p - ring of attention (curse)
MPRegen  0.09/turn              e - ring of protection from cold

@: hasted, very quick
A: change form in water, swift swim, stealthy swim
a: no special abilities


You were on level 3 of the Dungeon.
You were not hungry.

You visited 1 branch of the dungeon, and saw 3 of its levels.

You collected 78 gold pieces.

Inventory:

Hand Weapons
 a - a +0 trident (weapon)
Missiles
 d - 4 throwing nets (quivered)
Armour
 b - a +0 leather armour (worn)
 c - a +0 helmet (worn)
 m - a +0 scale mail
 o - a +0 buckler
 s - a +0 chain mail of fire resistance
Jewellery
 e - a ring of protection from cold (right hand)
 g - an amulet of the acrobat (around neck)
 p - a cursed ring of attention (left hand)
Scrolls
 i - a scroll of magic mapping
 l - 4 scrolls of teleportation
Potions
 h - 2 potions of haste
 j - a potion of heal wounds {unknown}
 k - 2 potions of curing {unknown}
 n - a potion of ambrosia {unknown}
 r - 2 potions of lignification {unknown}
Comestibles
 f - 6 rations
 q - 8 chunks of flesh


   Skills:
 + Level 2.8 Fighting
 + Level 6.0 Polearms
 + Level 2.4 Throwing
 + Level 0.7 Armour
 + Level 4.6 Dodging
 + Level 0.7 Stealth


You had 3 spell levels left.
You didn't know any spells.
Your spell library was empty.

Dungeon Overview and Level Annotations

Branches:
Dungeon (3/15)

Altars:
Qazlal
Zin


Message History

You closely miss the orc priest.
The orc priest is heavily wounded.
The orc priest hits you with a +0 hand axe.
* * * LOW HITPOINT WARNING * * *
The orc barely misses you.
You hit the orc priest but do no damage.
The orc priest is heavily wounded.
The orc priest barely misses you.
The orc hits you from afar with a +0 trident.
* * * LOW HITPOINT WARNING * * *
Sorry, you're not good enough to have a special ability.
You feel yourself speed up. The orc priest completely misses you.
The orc barely misses you.
You hit the orc priest.
The orc priest is severely wounded.
The orc priest misses you.
You barely miss the orc priest.
The orc priest is severely wounded.
The orc hits you from afar with a +0 trident.
You die...

......#.# ###..
...#.....#.# ....# ..
#.....#.# # #...# ..
#.....#.#
.#...####.####........
..... .%.......#.....
#... ...............
#..##o..............
#..@o...............
#..####.##..#.#.....
#..# .....#...)##.
#..#######..#.#.....
#..)................
#...................
#..#######..#.#..##.
#..# #.####.#### ####
### ###


You could see an orc priest and an orc.

Vanquished Creatures
  An orc wizard (D:3)
  2 adders (D:2)
  2 worms
  A leopard gecko (D:2)
  6 orcs (D:3)
  6 bats
  2 giant cockroaches
  2 goblins
  5 hobgoblins
  4 jackals (D:2)
  4 kobolds
  2 quokkas
  3 frilled lizards (D:2)
  3 rats (D:2)
43 creatures vanquished.

Notes
Turn   | Place    | Note
-------+----------+-------------------------------------------
     0 | D:1      | Almogavar the Merfolk Gladiator began the quest for the
                  | Orb.
     0 | D:1      | Reached XP level 1. HP: 16/16 MP: 1/1
   449 | D:1      | Reached XP level 2. HP: 23/23 MP: 2/2
  1010 | D:2      | Reached skill level 5 in Polearms
  1103 | D:2      | Found a glowing silver altar of Zin.
  1444 | D:2      | Found a stormy altar of Qazlal.
  1483 | D:2      | Reached XP level 3. HP: 28/28 MP: 3/3
  2139 | D:3      | Reached XP level 4. HP: 24/34 MP: 4/4
  2307 | D:3      | Reached skill level 6 in Polearms
  2383 | D:3      | Slain by an orc

Illustrated notes

Levels and vault maps discovered:
D:1:      lemuel_arrival_tunnels, layout_basic, serial_park_tiny_2,
          hangedman_decor_slide_cut, supply_closet_lemuel
D:2:      layout_basic, nicolae_qazlal_general_emergency,
          nicolae_overflow_crystal_walls, kennysheep_generic_room_4
D:3:      layout_basic, old_standard_altar, chequers_ecumenical_altar_twisty

Skill      XL: |  1  2  3  4 |
---------------+-------------+-----
Polearms       | 5 6 |  6.0
Fighting       | |  2.8
Throwing       | |  2.4
Armour         | |  0.7
Dodging        | |  4.6
Stealth        | |  0.7

Action                   |  1- 3 |  4- 6 || total
-------------------------+-------+-------++-------
Melee: Trident           |   109 |    47 ||   156
  Use: Scroll            |     5 |       ||     5
       Potion            |       |     1 ||     1
 Stab: Sleeping          |     1 |       ||     1
  Eat: Chunk             |     3 |     2 ||     5
Armor: Leather armour    |    15 |    10 ||    25
Dodge: Dodged            |    62 |    30 ||    92
